 Dungeon Crawl Stone Soup version 0.30-a0-1094-g860fb061e7 (webtiles) character file.

Game seed: 11617062722425016390

567 NateTC the Slasher (level 7, -1/62 HPs)
             Began as a Minotaur Berserker on Apr 18, 2023.
             Was a Priest of Trog.
             Slain by a lemure (7 damage)
             ... led by Pikel
             ... on level 5 of the Dungeon.
             The game lasted 00:05:29 (3827 turns).

NateTC the Slasher (Minotaur Berserker)             Turns: 3827, Time: 00:05:30

Health: -1/62      AC:  7    Str: 29    XL:     7   Next: 11%
Magic:  6/6        EV: 12    Int:  4    God:    Trog [***...]
Gold:   158        SH:  0    Dex: 10    Spells: 6/6 levels left

rFire   . . .      SeeInvis .    a - +0 falchion
rCold   + . .      Faith    .    (no shield)
rNeg    . . .      Spirit   .    g - +0 ring mail
rPois   +          Reflect  .    (helmet restricted)
rElec   .          Rampage  .    (no cloak)
rCorr   .                        (no gloves)
Will    ++...                    q - +0 pair of boots Stlth
                                 (no amulet)
HPRegen 1.30/turn                e - ring of Liytaw {rPois rC+ Str+6}
MPRegen 0.10/turn                (no ring)

@: strong-willed, regenerating
A: horns 2, retaliatory headbutt
a: Renounce Religion, Berserk, Trog's Hand


You were on level 5 of the Dungeon.
You worshipped Trog.
Trog was most pleased with you.
You visited 1 branch of the dungeon, and saw 5 of its levels.

You collected 158 gold pieces.

Inventory:

Hand Weapons
 a - a +0 falchion (weapon)
Armour
 g - a +0 ring mail (worn)
 q - a +0 pair of boots (worn)
Jewellery
 e - the ring of Liytaw (left hand) {rPois rC+ Str+6}
   (You acquired it on level 3 of the Dungeon)

   [ring of strength]

   Str:       It affects your strength (+6).
   rC:        It protects you from cold.
   rPois:     It protects you from poison.
Scrolls
 h - a scroll of silence
 l - a scroll of poison {unknown}
 m - 2 scrolls of noise
Potions
 b - a potion of heal wounds
 c - 3 potions of curing
 d - a potion of brilliance
 f - 2 potions of magic
 i - 4 potions of haste
 j - a potion of mutation
 k - a potion of attraction {unknown}
 n - a potion of ambrosia {unknown}
 p - a potion of degeneration {unknown}
 r - 2 potions of lignification {unknown}


   Skills:
 + Level 5.8 Fighting
 * Level 6.6 Long Blades
 * Level 4.9 Armour
 - Level 3.7 Dodging


You had 6 spell levels left.
You didn't know any spells.
Your spell library was empty.

Dungeon Overview and Level Annotations

Branches:
Dungeon (5/15) Zot: 26139
 Temple: D:4-7

Altars:
Makhleb
Wu Jian

Shops:
D:2 !   D:4 !

Annotations:
D:5 Menkaure, Pikel


Innate Abilities, Weirdness & Mutations

You have a pair of horns on your head.
You reflexively headbutt those who attack you in melee.


Message History

You start resting.
A lemure is nearby!
A lemure is nearby!
A lemure is nearby!
The lemure closely misses you.
You hit the lemure but do no damage. Your headbutt misses the lemure.
The lemure hits you.
* * * LOW HITPOINT WARNING * * *
You hit the lemure.
The lemure is lightly wounded.
The lemure hits you.
* * * LOW HITPOINT WARNING * * *
You hit the lemure. Your headbutt misses the lemure.
The lemure is moderately wounded.
The lemure barely misses you.
You hit the lemure.
The lemure is moderately wounded.
The lemure hits you.
* * * LOW HITPOINT WARNING * * *
You hit the lemure.
The lemure is heavily wounded.
The lemure hits you.
* * * LOW HITPOINT WARNING * * *
You hit the lemure but do no damage.
The lemure is heavily wounded.
The lemure misses you. You furiously retaliate!
You headbutt the lemure.
Your skin crawls.
You feel strong-willed. The lemure closely misses you.
You miss the lemure.
The lemure is heavily wounded.
The lemure hits you but does no damage.
You hit the lemure.
The lemure is severely wounded.
The lemure hits you.
* * * LOW HITPOINT WARNING * * *
You hit the lemure but do no damage. You headbutt the lemure.
The lemure is almost dead.
The lemure hits you!
You die...

...).))......#.....#5......
....
.....).).....#.....#.......
....
.............#.....#.......
....
'#######.....#.....'.......
....
.#.5...#.....###...#.......
....
.#...l.#.......#...##.....#
####
.#.>...#.......'....#.....#
.#...).'..5....#5...# ....#
.#.....#.......#@...# ....#
+##....#.......#....#.....#
######.......#....#.....#
#.......##+###....
#######........# #######
#........# #......
#........# #...<..
#........# #......
#........# #......


You could see a lemure.

Vanquished Creatures
  Eustachio (D:5)
  A scorpion (D:5)
  An orc priest (D:5)
  4 iguanas
  A sleepcap (D:4)
  An orc wizard (D:5)
  8 adders
  2 ufetubi
  2 worms
  2 dart slugs
  7 orcs
  12 endoplasms
  3 giant cockroaches
  9 goblins
  7 hobgoblins
  7 jackals (D:2)
  2 quokkas
  4 ball pythons
  3 bats
  2 frilled lizards (D:3)
  10 kobolds
  9 rats
98 creatures vanquished.

Notes
Turn   | Place    | Note
-------+----------+-------------------------------------------
     0 | D:1      | NateTC the Minotaur Berserker began the quest for the Orb.
     0 | D:1      | Reached XP level 1. HP: 19/19 MP: 0/0
    73 | D:1      | Reached XP level 2. HP: 25/27 MP: 1/1
   368 | D:1      | Reached skill level 4 in Long Blades
   724 | D:2      | Reached XP level 3. HP: 26/33 MP: 2/2
   787 | D:2      | Found Vyqegh's Distillery.
   807 | D:2      | Reached ** piety under Trog
  1024 | D:2      | Reached XP level 4. HP: 33/41 MP: 3/3
  1439 | D:2      | Found an ornate altar of the Wu Jian Council.
  1769 | D:3      | Found a burning altar of Makhleb.
  2571 | D:3      | Identified a scroll of acquirement
  2571 | D:3      | Acquired the ring of Liytaw {rPois rC+ Str+6}
  2648 | D:4      | Reached skill level 5 in Fighting
  2648 | D:4      | Reached XP level 5. HP: 21/48 MP: 4/4
  2832 | D:4      | Reached skill level 5 in Long Blades
  2887 | D:4      | Found Tadwi's Distillery.
  2918 | D:4      | Reached *** piety under Trog
  3419 | D:5      | Entered Level 5 of the Dungeon
  3465 | D:5      | Reached XP level 6. HP: 49/56 MP: 5/5
  3648 | D:5      | Found an ornate altar of the Wu Jian Council.
  3676 | D:5      | Reached skill level 6 in Long Blades
  3721 | D:5      | Noticed Eustachio
  3724 | D:5      | Noticed Menkaure
  3741 | D:5      | Killed Eustachio
  3742 | D:5      | Reached XP level 7. HP: 62/62 MP: 6/6
  3770 | D:5      | Noticed Pikel
  3827 | D:5      | Slain by a lemure

Illustrated notes

Levels and vault maps discovered:
D:1:      lemuel_arrival_lava_pool, layout_loops_cross, serial_bayou_pond_d,
          minmay_misc_feat_encased, hangedman_abyss_or_decor_lesser_grid
D:2:      layout_basic, serial_shops, shop, basic_altar,
          minmay_misc_feat_more_columns
D:3:      layout_basic, bloody_makhleb, serial_aquarium,
          aquarium_bridge_island_small [aquarium_subvault_small_water,
          aquarium_subvault_bridge, aquarium_subvault_window,
          aquarium_subvault_window, aquarium_subvault_window],
          aquarium_bridge_square [aquarium_subvault_balcony,
          aquarium_subvault_bridge, aquarium_subvault_bridge,
          aquarium_subvault_wall], aquarium_window_fake, aquarium_window_fake,
          aquarium_view_4, due_unseen_surprise
D:4:      layout_loops_ring, serial_shops, nicolae_take_the_stairs
D:5:      layout_gridville, lemuel_tele_altar, nicolae_ossuary_entry_catacombs,
          uniq_eustachio, uniq_menkaure, uniq_pikel

Skill      XL: |  1  2  3  4  5  6 |
---------------+-------------------+-----
Fighting       | 4 5 |  5.8
Long Blades    | 4 5 6 |  6.6
Dodging        | 3 |  3.7
Armour         | 3 4 |  4.9

Action                     |  1- 3 |  4- 6 |  7- 9 || total
---------------------------+-------+-------+-------++-------
  Melee: Falchion          |    68 |   152 |    13 ||   233
         Headbutt          |    14 |    35 |     1 ||    50
         Punch             |     1 |     3 |       ||     4
 Invoke: Berserk           |       |     2 |       ||     2
         Trog's Hand       |       |     1 |     1 ||     2
    Use: Scroll            |     6 |     9 |     1 ||    16
 Armour: Animal skin       |    16 |     3 |       ||    19
         Ring mail         |       |    39 |     2 ||    41
  Dodge: Dodged            |    48 |    97 |    10 ||   155

Table legend: (Time is in decaauts)
 A = Elapsed time spent in this place.
 B = Non-inter-level travel time spent in this place.
 C = Inter-level travel time spent in this place.
 D = Time resting spent in this place.
 E = Time spent auto-exploring this place.
 F = Levels seen in this place.
 G = Mean time per level.
                   A        B        C        D        E       F      G
               +--------+--------+--------+--------+--------+-----+--------+
         Total |   3859 |   3728 |    131 |    165 |   2799 |   5 |  771.8 |
       Dungeon |   3859 |   3728 |    131 |    165 |   2799 |   5 |  771.8 |
               +--------+--------+--------+--------+--------+-----+--------+

Top non-repeatable levels by time:
     D:3: 993 daAuts
     D:2: 935 daAuts
     D:4: 815 daAuts
     D:1: 691 daAuts
     D:5: 423 daAuts
